 Dungeon Crawl Stone Soup version 0.23.2 (webtiles) character file.

Game seed: 14693703005958462533

16421 Lunymew the Frost Mage (level 12, -15/83 HPs)
             Began as a Demonspawn Ice Elementalist on Apr 13, 2019.
             Killed from afar by an ogre mage (59 damage)
             ... with a crystal spear
             ... on level 2 of the Orcish Mines on Apr 15, 2019.
             The game lasted 03:29:54 (15698 turns).

Lunymew the Frost Mage (DsIE)                      Turns: 15698, Time: 03:30:02

Health: -15/83     AC: 19    Str: 12    XL:     12   Next: 9%
Magic:  25/35      EV: 19    Int: 16    God:
Gold:   1314       SH:  6    Dex: 22    Spells: 16/31 levels left

rFire    . . .     SeeInvis .   u - +12 Vampire's Tooth {vamp}
rCold    . . .     Gourm    .   k - +0 buckler
rNeg     . . .     Faith    .   y - +3 leather armour {MR+}
rPois    .         Spirit   .   e - +0 helmet
rElec    +         Reflect  .   j - +2 cloak
rCorr    .         Harm     .   s - +1 pair of gloves
MR       +++..                  (boots unavailable)
Stlth    +++.......             t - amulet of Melupumist {Inacc Str+2 Dex+4}
HPRegen  0.23/turn              w - ring "Maysif" {MR+ MP+9 EV+2}
MPRegen  0.24/turn              I - ring "Ymivoowe" {MR+ Slay+3}

@: icy armour
A: talons 3, powered by death 1, electricity resistance, sturdy frame 3
a: no special abilities


You were on level 2 of the Orcish Mines.
You were not hungry.

You visited 3 branches of the dungeon, and saw 12 of its levels.
You also visited: Volcano.

You collected 1748 gold pieces.
You spent 434 gold pieces at shops.

Inventory:

Hand Weapons
 b - a +2 vampiric dagger
 l - a +4 dagger of chaos
 u - the +12 Vampire's Tooth (weapon) {vamp}
   (You took it off an orc on level 8 of the Dungeon)

   It inflicts no extra harm, but heals its wielder when it wounds a living foe.
 C - a +1 dagger of venom
 N - a +0 lajatang of flaming
 Q - a +2 rapier of flaming
 U - a +1 dire flail of crushing
Armour
 d - a +2 pair of boots
 e - a +0 helmet (worn)
 h - a +3 leather armour of cold resistance
 j - a +2 cloak (worn)
 k - a +0 buckler (worn)
 s - a +1 pair of gloves (worn)
 y - a +3 leather armour of magic resistance (worn)
 F - a +1 cloak of invisibility
 L - a +2 chain mail of fire resistance
 S - a +3 leather armour of fire resistance
 V - a +0 troll leather armour
Magical Staves
 v - an uncursed staff of death
 z - an uncursed staff of air
 A - an uncursed staff of cold
Jewellery
 t - the amulet of Melupumist (around neck) {Inacc Str+2 Dex+4}
   (You found it on level 8 of the Dungeon)

   [amulet of inaccuracy]

   It reduces the accuracy of all your attacks.
   It affects your strength (+2).
   It affects your dexterity (+4).
 w - the ring "Maysif" (left hand) {MR+ MP+9 EV+2}
   (You found it on level 7 of the Dungeon)

   [ring of evasion]

   It affects your evasion (+2).
   It affects your resistance to hostile enchantments.
   It affects your magic capacity (+9).
 G - a +3 amulet of reflection
 I - the ring "Ymivoowe" (right hand) {MR+ Slay+3}
   (You found it on level 8 of the Dungeon)

   [ring of protection from magic]

   It affects your accuracy and damage with ranged weapons and melee attacks
   (+3).
   It affects your resistance to hostile enchantments.
 J - the ring of Tender Moments {*Contam MR++ Slay-2 SInv}
   (You found it on level 8 of the Dungeon)

   [ring of slaying]

   It affects your accuracy and damage with ranged weapons and melee attacks
   (-2).
   It affects your resistance to hostile enchantments.
   It lets you see invisible.
   It causes magical contamination when unequipped.
 M - an uncursed ring of ice
Wands
 q - a wand of digging (2)
 B - a wand of flame (10)
 H - a wand of random effects (16)
Scrolls
 f - a scroll of teleportation
 g - 4 scrolls of identify
 m - 2 scrolls of amnesia
 n - 2 scrolls of enchant weapon
 o - 4 scrolls of remove curse
 x - a scroll of noise {unknown}
 D - a scroll of vulnerability {unknown}
 K - a scroll of immolation
Potions
 a - a potion of invisibility
 E - a potion of cancellation {unknown}
 O - a potion of flight
 P - a potion of agility {unknown}
 R - a potion of might
Comestibles
 c - 9 rations


   Skills:
 + Level 4.0 Fighting
 + Level 4.9 Short Blades
 + Level 5.7 Dodging
 + Level 4.4 Stealth
 + Level 5.0 Shields
 + Level 0.2 Unarmed Combat
 + Level 10.3 Spellcasting
 + Level 2.5 Conjurations
 + Level 2.7 Charms
 + Level 1.3 Summonings
 + Level 10.5 Ice Magic


You had 16 spell levels left.
You knew the following spells:

 Your Spells              Type           Power        Failure   Level  Hunger
a - Freeze                Ice            ####         1%          1    None
b - Throw Frost           Conj/Ice       ####..       1%          2    None
c - Ozocubu's Armour      Chrm/Ice       ####....     1%          3    None
d - Throw Icicle          Conj/Ice       ####....     6%          4    ###....
e - Summon Ice Beast      Ice/Summ       ####....     8%          4    ###....
f - Sandblast             Erth           #.....       9%          1    None

Your spell library contained the following spells:

 Spells                   Type           Power        Failure   Level  Hunger
 Passwall                 Tmut/Erth      #.......     13%         2    None
 Stone Arrow              Conj/Erth      ##....       16%         3    None
 Petrify                  Tmut/Erth      #.......     65%         4    ###....
 Lee's Rapid Deconstruct  Erth           #.........   94%         5    #####..


Dungeon Overview and Level Annotations

Branches:
Dungeon (9/15)             Temple (1/1) D:5             Orc (2/2) D:9
    Elf (0/3) Orc:2
   Lair: D:8-11

Altars:
Ashenzari
Cheibriados
Dithmenos
Elyvilon
Fedhas
Gozag
Hepliaklqana
Kikubaaqudgha
Makhleb
Nemelex Xobeh
Okawaru
Qazlal
Ru
Sif Muna
Trog
Uskayaw
Vehumet
Wu Jian
Xom
Yredelemnul
Zin
The Shining One
Beogh

Shops:
D:8 =   Orc:2 !

Annotations:
D:8 Shop of jewellery


Innate Abilities, Weirdness & Mutations

You have claws for feet.
You regenerate a little health from kills.
Your movements are significantly less encumbered by armour. (ER -6)
You are resistant to electric shocks. (rElec)


Message History

Confirm with . or Enter, or press ? or * to list all spells.
Okay, then.
The ogre mage hits you but does no damage.
The ogre mage mumbles some strange words.
The ogre mage blinks!
The ogre mage barely misses you.
You hit the ogre mage. Your kick misses the ogre mage.
The ogre mage is heavily wounded.
The ogre mage closely misses you.
You puncture the ogre mage! Your kick misses the ogre mage.
The ogre mage is severely wounded.
The ogre mage points at you and mumbles some strange words.
The crystal spear hits you!!!
Casting: Throw Icicle (safe; 6% risk of failure)
Confirm with . or Enter, or press ? or * to list all spells.
A film of ice covers your body!
The ogre mage gestures at you while chanting.
The crystal spear hits you!!!
Ouch! That really hurt!
You die...

#........##### ...#
#....∩....#
..........####
.............#
...........).###
....<........)<##
..............)<##
...#.#.....[.)..)##
##.####..#[)....@.#
.### #####......O.#
o.# #...[..##.###
.## #.........#.#
## #.......##### #
.......... #
...$...$$.#
....>....##
......####


You could see an ogre mage.

Vanquished Creatures
  Erolcha (D:9)
  4 two-headed ogres
  An ogre mage (Orc:2)
  Pikel (D:8)
  A manticore (shapeshifter) (D:8)
  An orc knight (Orc:2)
  2 lindwurms (Volcano)
  An ugly thing (D:9)
  A manticore (D:8)
  2 molten gargoyles (Volcano)
  Maurice (D:8)
  Psyche (D:8)
  Joseph (D:7)
  A gargoyle (D:8)
  A komodo dragon (D:8)
  An efreet (Volcano)
  A troll (Orc:2)
  Prince Ribbit (D:8)
  4 yaks
  4 wargs
  2 hell hounds (Orc:2)
  Duvessa (D:4)
  10 orc warriors
  An ice beast (D:7)
  A necrophage (D:8)
  A phantom (D:7)
  A slave (D:8)
  15 ogres
  A centaur (D:5)
  A bullfrog (D:7)
  4 earth elementals (Volcano)
  Dowan (D:4)
  2 scorpions (D:9)
  3 killer bees (D:7)
  A bullfrog zombie (D:9)
  5 crimson imps
  6 hounds
  4 jellies (D:8)
  A quasit (D:8)
  5 orc priests
  A gnoll shaman (D:5)
  12 orc wizards
  2 bullfrog skeletons
  3 iguanas (D:8)
  7 worker ants
  A killer bee zombie (D:7)
  A hound skeleton (D:8)
  15 gnolls
  18 adders
  A shadow imp (D:8)
  5 oozes (D:8)
  2 adder skeletons
  A worm (D:4)
  2 dart slugs
  6 leopard geckos
  57 orcs
  5 giant cockroaches
  6 goblins
  8 hobgoblins
  16 jackals
  7 quokkas
  2 ball pythons (D:3)
  6 bats
  2 frilled lizards (D:1)
  10 kobolds
  6 rats
  A fire vortex (Volcano)
300 creatures vanquished.

Vanquished Creatures (collateral kills)
  An ogre mage (Orc:1)
  An orc sorcerer (Orc:1)
  An ogre (Orc:2)
3 creatures vanquished.

Vanquished Creatures (others)
  A shadow imp (D:8)
  A leopard gecko (D:8)
2 creatures vanquished.

Grand Total: 305 creatures vanquished

Notes
Turn   | Place    | Note
-------+----------+-------------------------------------------
     0 | D:1      | Lunymew the Demonspawn Ice Elementalist began the quest for
                  | the Orb.
     0 | D:1      | Reached XP level 1. HP: 13/13 MP: 3/3
   175 | D:1      | Gained mutation: You regenerate a little health from kills.
                  | [demonic ancestry]
   175 | D:1      | Reached XP level 2. HP: 19/19 MP: 1/5
   654 | D:1      | Gained mutation: You have sharp toenails. [demonic
                  | ancestry]
   654 | D:1      | Reached XP level 3. HP: 16/24 MP: 0/6
   985 | D:1      | Learned a level 2 spell: Throw Frost
  1614 | D:2      | Gained mutation: Your movements are slightly less
                  | encumbered by armour. (ER -2) [demonic ancestry]
  1614 | D:2      | Reached XP level 4. HP: 28/30 MP: 2/7
  2368 | D:3      | Gained mutation: You have razor-sharp toenails. [demonic
                  | ancestry]
  2368 | D:3      | Reached XP level 5. HP: 32/35 MP: 5/8
  2379 | D:3      | Reached skill level 1 in Shields
  3569 | D:3      | Reached XP level 6. HP: 20/41 MP: 0/10
  3779 | D:4      | Found a glowing silver altar of Zin.
  4189 | D:4      | Reached skill level 1 in Fighting
  4300 | D:4      | Learned a level 3 spell: Ozocubu's Armour
  4369 | D:4      | Noticed Duvessa
  4369 | D:4      | Noticed Dowan
  4424 | D:4      | Killed Duvessa
  4424 | D:4      | Gained mutation: Your movements are less encumbered by
                  | armour. (ER -4) [demonic ancestry]
  4424 | D:4      | Reached XP level 7. HP: 34/48 MP: 1/12
  4451 | D:4      | Killed Dowan
  4560 | D:5      | Entered Level 5 of the Dungeon
  4607 | D:5      | Reached skill level 5 in Ice Magic
  4683 | D:5      | Found an iron altar of Okawaru.
  4686 | D:5      | Found a shattered altar of Ashenzari.
  4700 | D:5      | Found a blossoming altar of Fedhas.
  4714 | D:5      | Found a sparkling altar of Nemelex Xobeh.
  4746 | D:5      | Found a snail-covered altar of Cheibriados.
  5179 | D:5      | Found a staircase to the Ecumenical Temple.
  5739 | Temple   | Entered the Ecumenical Temple
  6020 | D:6      | Found an iron altar of Okawaru.
  7062 | D:7      | Learned a level 4 spell: Throw Icicle
  7067 | D:7      | Learned a level 4 spell: Summon Ice Beast
  7291 | D:7      | Gained mutation: You have claws for feet. [demonic
                  | ancestry]
  7291 | D:7      | Reached XP level 8. HP: 20/54 MP: 6/14
  7710 | D:7      | Found a stormy altar of Qazlal.
  7723 | D:7      | Noticed Joseph
  7956 | D:7      | Reached skill level 1 in Short Blades
  8016 | D:7      | Reached skill level 5 in Spellcasting
  8437 | D:7      | Got a glittering golden ring
  8490 | D:7      | Killed Joseph
  8786 | D:7      | Reached XP level 9. HP: 56/61 MP: 6/17
  8937 | D:7      | Identified the ring "Maysif" {MR+ MP+9 EV+2} (You found it
                  | on level 7 of the Dungeon)
  9008 | D:8      | Noticed a komodo dragon
  9029 | D:8      | Noticed a spiny frog
  9029 | D:8      | Noticed a gargoyle
  9035 | D:8      | Killed a komodo dragon
  9296 | D:8      | Killed a gargoyle
  9334 | D:8      | Noticed Maurice
  9398 | D:8      | Noticed an eye of devastation
  9431 | D:8      | Found Besiczur's Jewellery Shop.
  9446 | D:8      | Noticed Psyche
  9459 | D:8      | Found a bloodstained altar of Trog.
  9467 | D:8      | Reached skill level 1 in Charms
  9513 | D:8      | Noticed a two-headed ogre
  9523 | D:8      | Noticed a manticore
  9523 | D:8      | Noticed Prince Ribbit
  9554 | D:8      | Killed a manticore
  9565 | D:8      | Killed Psyche
  9582 | D:8      | Killed Prince Ribbit
  9582 | D:8      | Reached XP level 10. HP: 50/68 MP: 1/20
  9598 | D:8      | Got a coiled graven amulet
  9609 | D:8      | Noticed a manticore
  9652 | D:8      | Killed Maurice
  9663 | D:8      | Killed a manticore
  9663 | D:8      | Reached skill level 5 in Dodging
  9732 | D:8      | Noticed Pikel
  9757 | D:8      | Killed Pikel
  9778 | D:8      | Got a slimy amber ring
  9803 | D:8      | Killed a two-headed ogre
  9949 | D:8      | Got a coiled golden ring
 10431 | D:8      | Identified the amulet of Melupumist {Inacc Str+2 Dex+4}
                  | (You found it on level 8 of the Dungeon)
 10433 | D:8      | Identified the ring "Ymivoowe" {MR+ Slay+3} (You found it
                  | on level 8 of the Dungeon)
 10435 | D:8      | Identified the cursed ring of Tender Moments {*Contam MR++
                  | Slay-2 SInv} (You found it on level 8 of the Dungeon)
 10449 | D:8      | Gained mutation: You are resistant to electric shocks.
                  | (rElec) [mutagenic glow]
 10569 | D:9      | Noticed a cyan ugly thing
 10973 | D:9      | Noticed Erolcha
 10984 | D:9      | Killed Erolcha
 11246 | D:9      | Killed a cyan ugly thing
 11246 | D:9      | Reached XP level 11. HP: 75/75 MP: 15/23
 11486 | D:9      | Learned a level 1 spell: Sandblast
 11520 | D:9      | Found a staircase to the Orcish Mines.
 11784 | Orc:1    | Entered Level 1 of the Orcish Mines
 11895 | Orc:1    | Noticed an orc sorcerer
 11926 | Orc:1    | Killed an orc sorcerer
 12014 | Orc:1    | Found a roughly hewn altar of Beogh.
 12276 | Orc:2    | Entered Level 2 of the Orcish Mines
 12278 | Orc:2    | Found Zukokhlerr's Distillery.
 12282 | Orc:2    | Found a staircase to the Elven Halls.
 12389 | Orc:2    | Found a dark tunnel.
 12407 | Orc:2    | Bought a potion of curing for 42 gold pieces
 12407 | Orc:2    | Bought a potion of heal wounds for 70 gold pieces
 12407 | Orc:2    | Bought 2 potions of heal wounds for 140 gold pieces
 12407 | Orc:2    | Bought a potion of flight for 42 gold pieces
 12407 | Orc:2    | Bought 2 potions of heal wounds for 140 gold pieces
 12425 | Volcano  | Entered a volcano
 12565 | Volcano  | Noticed a lindwurm
 12565 | Volcano  | Noticed a lindwurm
 13188 | Volcano  | Killed a lindwurm
 13334 | Volcano  | Killed a lindwurm
 13674 | Volcano  | Reached skill level 10 in Ice Magic
 14034 | Orc:2    | Noticed an orc knight
 14454 | Orc:2    | Killed an orc knight
 14594 | Orc:2    | Noticed a two-headed ogre
 14594 | Orc:2    | Noticed a two-headed ogre
 14594 | Orc:2    | Noticed a two-headed ogre
 14594 | Orc:2    | Noticed an ogre mage
 14602 | Orc:2    | Noticed an ogre mage
 14608 | Orc:2    | Killed a two-headed ogre
 14608 | Orc:2    | Reached skill level 10 in Spellcasting
 14622 | Orc:2    | Noticed a two-headed ogre
 14623 | Orc:2    | Noticed an ogre mage
 14624 | Orc:2    | Noticed a two-headed ogre
 14632 | Orc:2    | Killed a two-headed ogre
 14632 | Orc:2    | Reached skill level 5 in Shields
 14632 | Orc:2    | Reached skill level 1 in Summonings
 15052 | Orc:1    | Killed a two-headed ogre
 15083 | Orc:2    | HP: 1/76 [something (13)]
 15626 | Orc:1    | Killed an ogre mage
 15626 | Orc:1    | Gained mutation: Your movements are significantly less
                  | encumbered by armour. (ER -6) [demonic ancestry]
 15626 | Orc:1    | Reached XP level 12. HP: 74/83 MP: 26/26
 15691 | Orc:2    | Killed an ogre mage
 15698 | Orc:2    | Killed from afar by an ogre mage

Skill      XL: |  1  2  3  4  5  6  7  8  9 10 11 |
---------------+----------------------------------+-----
Ice Magic      | 3 4 5 6 8 9 10 | 10.5
Stealth        | 2 3 4 |  4.4
Dodging        | 2 4 5 |  5.7
Shields        | 1 2 3 4 5 |  5.0
Spellcasting   | 3 4 5 7 8 10 | 10.3
Fighting       | 1 2 3 4 |  4.0
Short Blades   | 1 2 3 4 |  4.9
Charms         | 1 2 |  2.7
Conjurations   | 2 |  2.5
Summonings     | 1 |  1.3
Unarmed Combat | |  0.2

Action                   |  1- 3 |  4- 6 |  7- 9 | 10-12 || total
-------------------------+-------+-------+-------+-------++-------
Melee: Unarmed           |    42 |    44 |     1 |       ||    87
       Kick              |     2 |       |    39 |    91 ||   132
       Dagger            |       |    37 |   237 |    37 ||   311
       Quick blade       |       |       |       |   222 ||   222
       Staff             |       |       |       |     2 ||     2
 Cast: Freeze            |    55 |   114 |   211 |   203 ||   583
       Throw Frost       |       |     2 |    13 |    14 ||    29
       Ozocubu's Armour  |       |     1 |    14 |    33 ||    48
       Throw Icicle      |       |       |       |    43 ||    43
       Summon Ice Beast  |       |       |       |    16 ||    16
  Use: Scroll            |       |     4 |     9 |     3 ||    16
       Potion            |       |       |     6 |    10 ||    16
 Stab: Sleeping          |     9 |    12 |     2 |     9 ||    32
       Distracted        |       |     1 |       |     1 ||     2
  Eat: Chunk             |     3 |     9 |     6 |    14 ||    32
       Ration            |       |       |     5 |     6 ||    11
Armor: Robe              |    17 |    64 |    92 |       ||   173
       Leather armour    |       |       |    27 |    57 ||    84
Dodge: Dodged            |    50 |    83 |   239 |   231 ||   603
Block: Buckler           |       |    38 |    59 |    92 ||   189
